 Dungeon Crawl Stone Soup version 0.14-a0-805-gc239e29 (webtiles) character file.

1010 PolkaDot the Jinx (level 7, -2/46 HPs)
             Began as a Vampire Enchanter on Nov 11, 2013.
             Slain by Duvessa
             ... wielding a +0,+0 elven short sword
              (8 damage)
             ... on Level 4 of the Dungeon.
             The game lasted 00:23:49 (5028 turns).

PolkaDot the Jinx (Vampire Enchanter)               Turns: 5028, Time: 00:23:50

HP  -2/46        AC  5     Str  7      XL: 7   Next: 75%
MP   0/11        EV 13     Int 17      God:
Gold 131         SH  0     Dex 16      Spells:  3 memorised,  2 levels left

Res.Fire  : + . .   See Invis. : +   a - +2,+3 dagger
Res.Cold  : x . .   Warding    : +   b - +1 robe
Life Prot.: + + .   Conserve   : .   (no shield)
Res.Poison: .       Res.Corr.  : .   (no helmet)
Res.Elec. : .       Clarity    : .   (no cloak)
Sust.Abil.: . .     Spirit.Shd : .   q - +0 pair of dwarf gauntlets
Res.Mut.  : .       Stasis     : .   j - +0 pair of boots
Res.Rott. : .       Flight     : .   o - amulet of warding
Saprovore : . . .                    f - ring of fire
                                     g - ring of sustenance

@: mildly poisoned, slightly resistant to hostile enchantments, very stealthy
A: bottle blood, fangs 3, see invisible, unbreathing
a: Bat Form, Bottle Blood


You were on level 4 of the Dungeon.
You were not thirsty.

You visited 1 branch of the dungeon, and saw 5 of its levels.
You also visited: Sewer.

You collected 131 gold pieces.

Inventory:

Hand weapons
 a - a +2,+3 dagger (weapon)
Missiles
 d - 12 darts (quivered)
Armour
 b - a +1 robe (worn)
 j - a +0 pair of boots (worn)
 q - a +0 pair of dwarven gauntlets (worn)
Magical devices
 p - a wand of flame (19)
Scrolls
 e - a scroll of magic mapping {unknown}
 i - a scroll of blinking
 l - 3 scrolls of teleportation
 n - a scroll of identify
 s - a scroll of fog {unknown}
 t - a scroll of remove curse
Jewellery
 f - a ring of fire (right hand)
 g - a ring of sustenance (left hand)
 o - an amulet of warding (around neck)
Potions
 h - 2 potions of curing
 k - a potion of resistance
 m - a potion of speed {unknown}
 r - 2 potions of heal wounds
 u - a potion of restore abilities
Books
 c - a book of Maledictions

   Spells                             Type                      Level
   *Corona                            Hexes                        1
   *Sure Blade                        Hexes/Charms                 2
   Ensorcelled Hibernation            Hexes/Ice                    2
   *Confuse                           Hexes                        3
   Enslavement                        Hexes                        4
   Invisibility                       Hexes                        6


   Skills:
 - Level 3.2 Short Blades
 - Level 0.7 Throwing
 - Level 2.1 Dodging
 + Level 7.4 Stealth
 - Level 1.0 Spellcasting
 * Level 9.7 Hexes
 + Level 3.5 Charms


You had 2 spell levels left.
You knew the following spells:

 Your Spells              Type           Power        Failure   Level  Hunger
A - Corona                Hex            ####...      1%          1    ##.....
B - Sure Blade            Hex/Chrm       ###.......   2%          2    ###....
C - Confuse               Hex            ####....     1%          3    ####...


Dungeon Overview and Level Annotations

Branches:
Dungeon (5/27)
 Temple: D:4-7

Altars:
Trog
Vehumet

Shops:
D:4 [(

Annotations:
D:4 Dowan, Duvessa


Innate Abilities, Weirdness & Mutations

You can bottle blood from corpses.
You have razor-sharp teeth.*
You have supernaturally acute eyesight.
You can survive without breathing.*


Message History

The adder closely misses you.
Casting: Confuse
Confirm with . or Enter, or press ? or * to list all spells.
Aiming: Confuse
Press: ? - help, Shift-Dir - straight line, f - Duvessa, p - Dowan
Aim: Duvessa, wielding an elven short sword (lightly wounded) Duvessa struggles to resist.
The adder closely misses you. The rat bites you but does no damage.
Duvessa hits you with an elven short sword.
* * * LOW HITPOINT WARNING * * *
Casting: Confuse
Confirm with . or Enter, or press ? or * to list all spells.
Aiming: Confuse
Press: ? - help, Shift-Dir - straight line, f/p - Duvessa
Aim: Duvessa, wielding an elven short sword (lightly wounded) Duvessa easily resists.
* * * LOW HITPOINT WARNING * * *
You feel sick. The adder barely misses you. The rat completely misses you.
Duvessa hits you with an elven short sword!
You die...

.. ..... ....!.....
..#.....e...
............... ...
#............
....#.#.#.........
.#....###..........
.......##....e.......
......#.....(.@r.......
.................S.......
........................
..........(.............
........................
.......................
.......#.............∩
......#.#............
.......#..........


You could see Duvessa, Dowan (confused), an adder and a rat.

Vanquished Creatures
  Grinder (D:4)
  The ghost of profreshinal the Vexing, an average FoEn (D:5)
  The ghost of Illaniel the Charmwright, an average HESk (D:3)
  2 orc priests
  3 orc wizards
  A big fish (Sewer)
  A scorpion (D:4)
  A sky beast zombie (D:5)
  A hound skeleton (D:4)
  6 adders
  3 green rats
  A grey rat (D:5)
  An ooze (D:2)
  10 orcs
  7 bats
  2 giant cockroaches (D:1)
  9 hobgoblins
  2 quokkas (D:3)
  6 ball pythons
  4 giant geckos
  7 giant newts
  5 goblins
  11 jackals
  16 kobolds
  7 rats
  3 plants (Sewer)
112 creatures vanquished.

Vanquished Creatures (others)
  A plant (Sewer)
1 creature vanquished.

Grand Total: 113 creatures vanquished

Notes
Turn   | Place    | Note
--------------------------------------------------------------
     0 | D:1      | PolkaDot, the Vampire Enchanter, began the quest for the Orb.
     0 | D:1      | Reached XP level 1. HP: 13/13 MP: 4/4
   173 | D:1      | Reached XP level 2. HP: 7/19 MP: 5/5
   624 | D:2      | Reached skill level 5 in Hexes
   624 | D:2      | Reached XP level 3. HP: 13/24 MP: 6/6
  1078 | D:2      | Reached XP level 4. HP: 30/30 MP: 8/8
  1111 | D:2      | Learned a level 3 spell: Confuse
  1331 | D:3      | Noticed Illaniel's ghost (average HESk)
  1478 | D:3      | Killed Illaniel's ghost
  1478 | D:3      | Reached skill level 5 in Stealth
  1478 | D:3      | Reached skill level 6 in Hexes
  1478 | D:3      | Reached XP level 5. HP: 17/35 MP: 2/9
  1482 | D:3      | Learned a level 2 spell: Sure Blade
  1670 | D:3      | Found a bloodstained altar of Trog.
  1670 | D:3      | Found a radiant altar of Vehumet.
  1863 | D:3      | Paralysed by a potion of paralysis for 4 turns
  1884 | D:3      | HP: 1/35 [orc wizard/orcish dagger (5)]
  1997 | D:4      | Noticed Grinder
  2093 | D:4      | Paralysed by Grinder for 3 turns
  2122 | D:4      | Paralysed by Grinder for 3 turns
  2141 | D:4      | Killed Grinder
  2141 | D:4      | Reached skill level 8 in Hexes
  2141 | D:4      | Reached XP level 6. HP: 8/41 MP: 1/10
  2272 | D:5      | Entered Level 5 of the Dungeon
  2325 | D:5      | Noticed profreshinal's ghost (average FoEn)
  2334 | D:5      | Killed profreshinal's ghost
  2334 | D:5      | Reached XP level 7. HP: 12/46 MP: 3/11
  2577 | D:5      | Reached skill level 9 in Hexes
  2596 | D:4      | HP: 1/46 [orc wizard/magic dart (9)]
  2958 | D:4      | Found a glowing drain.
  3010 | Sewer    | Entered a sewer
  4935 | D:4      | Found Ofitacar's Armour Boutique.
  5003 | D:4      | Noticed Dowan
  5004 | D:4      | Noticed Duvessa
  5008 | D:4      | Found Vioghinn's Weapon Shop.
  5028 | D:4      | Slain by Duvessa

Action                   |  1- 3 |  4- 6 |  7- 9 || total
-------------------------+-------+-------+-------++-------
Melee: Dagger            |   180 |   174 |   485 ||   839
       Unarmed           |       |       |     2 ||     2
 Cast: Confuse           |       |    22 |    20 ||    42
       Corona            |       |       |     2 ||     2
 Abil: End Transformatio |       |       |     1 ||     1
       Bat Form          |       |       |     1 ||     1
Evoke: Wand              |       |     1 |       ||     1
  Use: Potion            |     4 |     7 |       ||    11
       Scroll            |       |    12 |       ||    12
 Stab: Sleeping          |     7 |     6 |     2 ||    15
       Confused          |       |    12 |    10 ||    22
